 Dungeon Crawl Stone Soup version 0.28.0 (webtiles) character file.

Game seed: 17856182902260576517

4 murtidash the Skirmisher (level 1, 0/18 HPs)
             Began as a Formicid Abyssal Knight on Feb 8, 2022.
             Was a Follower of Lugonu.
             Slain by a jackal (2 damage)
             ... on level 1 of the Dungeon.
             The game lasted 00:00:17 (41 turns).

murtidash the Skirmisher (Formicid Abyssal Knight)    Turns: 41, Time: 00:00:18

Health: 0/18       AC:  3    Str: 17    XL:     1   Next: 66%
Magic:  2/2        EV: 11    Int:  9    God:    Lugonu [*.....]
Gold:   0          SH:  0    Dex: 11    Spells: 0/0 levels left

rFire   . . .      SeeInvis +   a - +1 hand axe
rCold   . . .      Faith    .   (no shield)
rNeg    . . .      Spirit   .   b - +0 leather armour
rPois   .          Reflect  .   (helmet unavailable)
rElec   .          Harm     .   (no cloak)
rCorr   .          Rampage  .   (no gloves)
Will    .....                   (no boots)
Stlth   +.........              (no amulet)
HPRegen 0.06/turn               (no ring)
MPRegen 0.08/turn               (no ring)

@: no status effects
A: permanent stasis, dig shafts and tunnels, antennae 3, four strong arms
a: Dig, Shaft Self, Renounce Religion, Depart the Abyss


You were on level 1 of the Dungeon.
You worshipped Lugonu.
Lugonu was aware of your devotion.
You visited 1 branch of the dungeon, and saw 1 of its levels.
You visited the Abyss 1 time.

Inventory:

Hand Weapons
 a - a +1 hand axe (weapon)
Armour
 b - a +0 leather armour (worn)
Scrolls
 c - a scroll of summoning {unknown}


   Skills:
 - Level 3.2 Fighting
 * Level 2.2 Axes
 - Level 2.1 Armour
 - Level 0.8 Dodging
 + Level 2.3 Invocations


You couldn't memorise any spells.
You didn't know any spells.
Your spell library was empty.

Dungeon Overview and Level Annotations

Branches:
Dungeon (1/15)

Altars:


Innate Abilities, Weirdness & Mutations

You cannot be hasted, slowed, berserked, paralysed or teleported.
You can dig through walls and to a lower floor.
You have a pair of large antennae on your head. (SInv)
Your four strong arms can wield two-handed weapons with a shield.


Message History

Welcome, murtidash the Formicid Abyssal Knight.
They say the Orb of Zot lies within this dungeon, but they say a lot of things.
Lugonu says: Depart the Abyss and spread corruption, my servant! (use the ability menu to exit the Abyss)
Found a corrupted altar of Lugonu.
Lua error: attempt to yield across metamethod/C-call boundary
Found a gateway leading out of the Abyss.
Found a gateway leading deeper into the Abyss.
There is a gateway leading out of the Abyss here.
You pass through the gate.
There is a staircase leading out of the dungeon here.
c - a scroll labelled QORRUGOUCO You open the door.
There is an open door here.
You sense a monster nearby. 2 jackals come into view.
The jackal barks! x2; You hear a bark!
You hear a shout!
A jackal comes into view.
The jackal barks!
You hear a bark!
A jackal comes into view.
The jackal misses you.
A goblin comes into view. It is wielding a +0 club.
You closely miss the jackal.
The goblin shouts!
The jackal barely misses you. The jackal completely misses you.
You barely miss the jackal. You hit the jackal. The jackal bites you.
A quokka comes into view.
The jackal bites you but does no damage.
You take 1 damage, and have 17/18 hp.
You closely miss the jackal. You hit the jackal. The jackal closely misses you.
The jackal barely misses you. The jackal bites you.
The jackal bites you but does no damage.
The jackal barely misses you.
You take 2 damage, and have 15/18 hp.
You barely miss the jackal. You hit the jackal.
You kill the jackal!
Lugonu accepts your kill.
You miss the jackal. The jackal bites you. The jackal barely misses you. x2
The jackal bites you but does no damage.
You take 3 damage, and have 12/18 hp.
You are too injured to fight recklessly!
You are too injured to fight recklessly!
You are too injured to fight recklessly!
You are too injured to fight recklessly!
You are too injured to fight recklessly!
You are too injured to fight recklessly!
You are too injured to fight recklessly!
You are too injured to fight recklessly!
You are too injured to fight recklessly!
You hit the quokka. The quokka bites you. x2
You take 5 damage, and have 7/18 hp.
MASSIVE DAMAGE!!
You barely miss the quokka. The quokka barely misses you.
You closely miss the quokka. The quokka bites you.
The quokka closely misses you.
You take 1 damage, and have 6/18 hp.
You hit the quokka.
You kill the quokka!
Lugonu accepts your kill.
You closely miss the jackal. The jackal barely misses you.
The jackal bites you.
* * * LOW HITPOINT WARNING * * *
You take 2 damage, and have 4/18 hp.
You barely miss the jackal. The jackal misses you.
You hit the jackal. The jackal misses you. The jackal barely misses you.
You hit the jackal. The jackal closely misses you. x2
You hit the jackal.
You kill the jackal!
Lugonu accepts your kill.
You closely miss the jackal. The jackal closely misses you.
The jackal barely misses you.
You closely miss the jackal. x2; The jackal barely misses you.
The jackal bites you but does no damage.
The jackal bites you.
* * * LOW HITPOINT WARNING * * *
The jackal bites you but does no damage.
You take 2 damage, and have 2/18 hp.
You closely miss the jackal. You barely miss the jackal.
The jackal completely misses you.
The jackal bites you but does no damage.
The jackal closely misses you.
You completely miss the jackal. You closely miss the jackal.
The jackal barely misses you.
The jackal bites you but does no damage.
The jackal bites you.
You die...

### ##. ..#
#....######.####
#......gh@.....#
#.......#h.....##
#.......#.......###
#......###.........
....... #.........
......# ##........
#####+#####'#######
#.....## ##.....##


You could see 2 jackals and a goblin.

Vanquished Creatures
  2 jackals (D:1)
  A quokka (D:1)
3 creatures vanquished.

Notes
Turn   | Place    | Note
-------+----------+-------------------------------------------
     0 | Abyss:1  | murtidash the Formicid Abyssal Knight began the quest for
                  | the Orb.
     0 | Abyss:1  | Reached XP level 1. HP: 18/18 MP: 2/2
    10 | D:1      | Escaped the Abyss
    39 | D:1      | HP: 2/18 [jackal (2)]
    41 | D:1      | Slain by a jackal

Illustrated notes

Levels and vault maps discovered:
D:1:      onia_arrival_pentagram, layout_loops_ring,
          ebering_ecumenical_altar_box, nicolae_concentric_dashed_squares_wild,
          minmay_bisected

Action                   || total
-------------------------++-------
Melee: Hand axe          ||    16
Armor: Leather armour    ||     7
Dodge: Dodged            ||    22

Table legend: (Time is in decaauts)
 A = Elapsed time spent in this place.
 B = Non-inter-level travel time spent in this place.
 C = Inter-level travel time spent in this place.
 D = Time resting spent in this place.
 E = Time spent auto-exploring this place.
 F = Levels seen in this place.
 G = Mean time per level.
                   A        B        C        D        E       F      G
               +--------+--------+--------+--------+--------+-----+--------+
         Total |     43 |     43 |      0 |      0 |      9 |   2 |   21.5 |
       Dungeon |     33 |     33 |      0 |      0 |      8 |   1 |   33.0 |
         Abyss |     10 |     10 |      0 |      0 |      1 |   1 |   10.0 |
               +--------+--------+--------+--------+--------+-----+--------+

Top non-repeatable levels by time:
     D:1: 33 daAuts
 Abyss:1: 10 daAuts

Table legend:
 A = Kills in this place as a percentage of kills in entire the game.
 B = Kills by you in this place as a percentage of kills by you in the entire game.
 C = Kills by friends in this place as a percentage of kills by friends in the entire game.
 D = Other kills in this place as a percentage of other kills in the entire game.
 E = Experience gained in this place as a percentage of experience gained in the entire game.
 F = Experience gained in this place divided by the number of levels of this place that you have seen.
                   A       B       C       D       E      F
               +-------+-------+-------+-------+-------+----------------------
         Total | 100.0 | 100.0 |   N/A |   N/A | 100.0 |   3.0
       Dungeon | 100.0 | 100.0 |   N/A |   N/A | 100.0 |   6.0
               +-------+-------+-------+-------+-------+----------------------
